 Dungeon Crawl Stone Soup version 0.18.1-47-g9310371 (webtiles) character file.

301 Gagarin the Slinger (level 6, -4/39 HPs)
             Began as a Halfling Hunter on June 15, 2016.
             Slain by an orc
             ... wielding a +2 trident of venom
              (8 damage)
             ... on level 3 of the Dungeon.
             The game lasted 00:12:13 (2086 turns).

Gagarin the Slinger (Halfling Hunter)               Turns: 2086, Time: 00:12:15

Health: -4/39      AC:  4    Str: 12    XL:     6   Next: 64%
Magic:  6/6        EV: 15    Int: 10    God:
Gold:   122        SH:  0    Dex: 17    Spells: 0 memorised, 5 levels left

rFire  . . .     SeeInvis .     a - +1 hunting sling
rCold  . . .     Gourm    .     m - +0 leather armour {rPois}
rNeg   . . .     Faith    .     (shield restricted)
rPois  +         Spirit   .     q - +0 helmet
rElec  .         Dismiss  .     (no cloak)
rCorr  .         Reflect  .     (no gloves)
SustAt .         Harm     .     (no boots)
MR     .....                    (no amulet)
Stlth  ++........               (no ring)
                                (no ring)

@: lethally poisoned (-4 -> -13), not resistant to hostile enchantments,
unstealthy
A: mutation resistance 1
a: no special abilities


You were on level 3 of the Dungeon.
You were not hungry.

You visited 1 branch of the dungeon, and saw 3 of its levels.

You collected 122 gold pieces.

Inventory:

Hand Weapons
 a - a +1 hunting sling (weapon)
 y - a +3 dagger
Missiles
 d - 61 sling bullets (quivered)
 k - 99 stones
Armour
 m - a +0 leather armour of poison resistance (worn)
 q - a +0 helmet (worn)
Scrolls
 e - 4 scrolls of identify {unknown}
 h - 2 scrolls of recharging {unknown}
 n - a scroll of enchant armour {unknown}
 o - 3 scrolls of fear {unknown}
 p - 2 scrolls of remove curse {unknown}
 r - 3 scrolls of enchant weapon {unknown}
 t - a scroll of random uselessness {unknown}
 w - a scroll of amnesia {unknown}
Potions
 i - a potion of flight {unknown}
 j - a potion of curing {unknown}
 l - a potion of haste {unknown}
 u - a potion of brilliance {unknown}
 v - a potion of invisibility {unknown}
Comestibles
 f - 3 bread rations
 g - a beef jerky
 s - 3 fruits
 x - 19 chunks of flesh
 z - a slice of pizza


   Skills:
 + Level 2.1 Fighting
 + Level 9.4 Slings
 + Level 1.9 Armour
 + Level 3.1 Dodging
 + Level 1.6 Stealth


You had 5 spell levels left.
You didn't know any spells.

Dungeon Overview and Level Annotations

Branches:
Dungeon (3/15)

Altars:


Innate Abilities, Weirdness & Mutations

You are small and have problems with some larger weapons.
You are somewhat resistant to further mutation.


Message History

You shoot a sling bullet. The sling bullet hits the orc.
The orc is lightly wounded.
Firing (i - inventory. (,) - cycle):
d - 63 sling bullets (quivered)
Press: ? - help, Shift-Dir - straight line, f/p - orc
Aim: an orc, wielding a trident of venom and wearing a leather armour (lightly wounded)
You shoot a sling bullet. The sling bullet hits the orc.
The orc is heavily wounded.
The orc hits you from afar with a trident of venom.
* * * LOW HITPOINT WARNING * * *
You are lethally poisoned!
Firing (i - inventory. (,) - cycle):
d - 62 sling bullets (quivered)
Press: ? - help, Shift-Dir - straight line, f/p - orc
Aim: an orc, wielding a trident of venom and wearing a leather armour (heavily wounded)
You shoot a sling bullet.
The sling bullet hits the orc but does no damage.
The orc is heavily wounded.
* * * LOW HITPOINT WARNING * * *
You feel sick.
The orc hits you from afar with a trident of venom!
You die...

#...##'########.##......#
#.#..#.# #.#######.#
#.#.##.# #.#######.#
#......# ##.........#
###....### #....#######
####...# #.##.# # ###.#
#.##.####### #.#
#.##.....#.. #@#
#.######.#.# ######.#
#†#...<#.#.# ..#..#o#
#.#.####.#.# #o#..#.#
#.#....#.#.# #)#..#.#
#.####.#.#.. #(#)...# #.#
#.#.### #.(o.###
#.####.#.... ######
#...>..##### ########


You could see an orc.

Vanquished Creatures
  2 orc priests (D:3)
  2 orc wizards (D:3)
  A hound skeleton (D:3)
  3 gnolls (D:2)
  4 adders
  2 oozes
  A worm (D:3)
  A dart slug (D:1)
  4 giant geckos
  9 orcs (D:3)
  3 giant cockroaches
  11 hobgoblins
  4 jackals (D:3)
  2 quokkas
  5 ball pythons
  3 bats
  4 giant newts
  10 goblins
  6 kobolds
  11 rats
88 creatures vanquished.

Notes
Turn   | Place    | Note
--------------------------------------------------------------
     0 | D:1      | Gagarin the Halfling Hunter began the quest for the Orb.
     0 | D:1      | Reached XP level 1. HP: 14/14 MP: 1/1
    16 | D:1      | Reached skill level 6 in Slings
    71 | D:1      | Reached XP level 2. HP: 19/19 MP: 2/2
   306 | D:1      | Reached XP level 3. HP: 24/24 MP: 3/3
   395 | D:1      | Reached skill level 7 in Slings
   710 | D:2      | Reached XP level 4. HP: 19/29 MP: 4/4
  1059 | D:2      | Reached skill level 8 in Slings
  1065 | D:2      | Reached XP level 5. HP: 18/34 MP: 5/5
  1653 | D:3      | Reached skill level 1 in Armour
  1901 | D:3      | Reached skill level 9 in Slings
  1901 | D:3      | Reached XP level 6. HP: 36/39 MP: 6/6
  2086 | D:3      | Slain by an orc

Skill      XL: |  1  2  3  4  5  6 |
---------------+-------------------+-----
Slings         | 6 7 8 9 |  9.4
Fighting       | 2 |  2.1
Armour         | 1 |  1.9
Dodging        | 3 |  3.1
Stealth        | |  1.6

Action                   |  1- 3 |  4- 6 || total
-------------------------+-------+-------++-------
Melee: Short sword       |     6 |    45 ||    51
       Dagger            |       |    31 ||    31
 Fire: Hunting sling     |    66 |   118 ||   184
Throw: Stone             |       |     2 ||     2
  Eat: Chunk             |       |     3 ||     3
Armor: Leather armour    |     2 |    21 ||    23
Dodge: Dodged            |    18 |    71 ||    89
